 Dungeon Crawl Stone Soup version 0.29-a0-474-gdfe5cd140f (webtiles) character file.

Game seed: 14308836324601905620

140 zeratav the Cutter (level 5, -1/32 HPs)
             Began as a Kobold Fighter on May 24, 2022.
             Was an Initiate of Wu Jian.
             Succumbed to an adder's poison
             ... on level 4 of the Dungeon.
             The game lasted 00:02:30 (3011 turns).

zeratav the Cutter (Kobold Fighter)                 Turns: 3011, Time: 00:02:31

Health: -1/32      AC:  6    Str: 12 (14) XL:     5   Next: 46%
Magic:  5/5        EV: 14    Int:  6 (9)  God:    Wu Jian [......]
Gold:   253        SH:  5    Dex: 13 (16) Spells: 4/4 levels left

rFire   . . .      SeeInvis .   a - +0 rapier {short}
rCold   . . .      Faith    .   c - +0 buckler
rNeg    . . .      Spirit   .   b - +0 scale mail
rPois   .          Reflect  .   (no helmet)
rElec   .          Harm     .   (no cloak)
rCorr   .          Rampage  .   (no gloves)
Will    .....                   (no boots)
Stlth   +.........              (no amulet)
HPRegen 0.10/turn               e - +4 ring of evasion
MPRegen 0.09/turn               (no ring)

@: lethally poisoned (-1 -> -9), flying
A: small, no large weapons, nightstalker 3
a: Renounce Religion


You were on level 4 of the Dungeon.
You worshipped Wu Jian.
Wu Jian was noncommittal.
You visited 1 branch of the dungeon, and saw 4 of its levels.

You collected 253 gold pieces.


Innate Abilities, Weirdness & Mutations

You are small and have problems with some larger weapons.
You are completely attuned to the shadows.


   Skills:
 - Level 3.2 Fighting
 + Level 7.0 Short Blades
 - Level 2.4 Armour
 - Level 2.4 Shields


You had 4 spell levels left.
You didn't know any spells.
Your spell library was empty.

Inventory:

Hand Weapons
 a - a +0 rapier (weapon) {short}
 u - a +0 arbalest {crossbow}
   (You found it on level 3 of the Dungeon)
Armour
 b - a +0 scale mail (worn)
 c - a +0 buckler (worn)
 g - a +0 robe
   (You found it on level 2 of the Dungeon)
 l - a +0 leather armour
   (You took it off Ijyb on level 3 of the Dungeon)
Jewellery
 e - a +4 ring of evasion (left hand)
   (You found it on level 1 of the Dungeon)
 k - an amulet of faith {!P}
   (You found it on level 1 of the Dungeon)
Wands
 s - a wand of iceblast (11)
   (You took it off Ijyb on level 3 of the Dungeon)
Scrolls
 f - a scroll of silence {unknown}
 h - 2 scrolls of magic mapping {unknown}
 m - 3 scrolls of enchant weapon {unknown}
 n - 3 scrolls of identify {unknown}
 o - a scroll of enchant armour {unknown}
 r - a scroll of blinking {unknown}
 t - a scroll of acquirement {unknown}
Potions
 d - a potion of might
 i - a potion of heal wounds {unknown}
 p - a potion of flight
 q - a potion of curing {unknown}
 v - a potion of cancellation {unknown}

Dungeon Overview and Level Annotations

Branches:
Dungeon (4/15)
 Temple: D:4-7

Altars:
Makhleb
Wu Jian

#..#..##
.#....##
.....##
......#
#...#.##
.......######
.............
............
..###..@....
.. ....†....
##........
.........
##.......


There were no monsters in sight!


Message History

The Council accepts your kill.
No target in view!
No target in view!
No target in view!
No target in view!
No target in view!
No target in view!
No target in view!
An adder comes into view.
An adder is nearby!
An adder comes into view.
You lunge at the adder.
You closely miss the adder.
The adder hisses angrily.
The adder misses you. The adder barely misses you.
You hit the adder but do no damage. The adder misses you.
You completely miss the adder. The adder barely misses you.
The adder bites you but does no damage.
You closely miss the adder. You block the adder's attack.
The adder completely misses you.
You hit the adder. The adder completely misses you. The adder misses you.
You block the adder's attack.
You hit the adder. The adder bites you but does no damage.
The adder misses you. You block the adder's attack.
You closely miss the adder. The adder bites you.
You are poisoned.
The adder poisons you! The adder barely misses you.
HP[-1]
You take 1 damage, and now have 31/32 hp.
You hit the adder.
You feel sick. The adder closely misses you. You block the adder's attack.
HP[-2]
You take 2 damage, and now have 29/32 hp.
You hit the adder.
You kill the adder!
The Council accepts your kill. The adder bites you.
You are more poisoned.
The adder poisons you!
HP[-2]
You take 2 damage, and now have 27/32 hp.
You closely miss the adder.
You feel very sick. The adder closely misses you. x2
HP[-3]
You take 3 damage, and now have 24/32 hp.
You miss the adder.
You feel sick. The adder completely misses you.
You hit the adder but do no damage.
You feel sick. The adder barely misses you.
HP[-1]
You take 1 damage, and now have 23/32 hp.
You hit the adder.
You feel sick. The adder bites you.
HP[-3]
You take 3 damage, and now have 20/32 hp.
You hit the adder but do no damage. The adder bites you but does no damage.
You hit the adder.
You feel sick. The adder bites you.
* * * LOW HITPOINT WARNING * * *
You are more poisoned.
The adder poisons you!
HP[-4]
You take 4 damage, and now have 16/32 hp.
You closely miss the adder.
You feel sick. The adder barely misses you. The adder bites you.
* * * LOW HITPOINT WARNING * * *
You are lethally poisoned!
The adder poisons you!
HP[-3]
You take 3 damage, and now have 13/32 hp.
You hit the adder.
* * * LOW HITPOINT WARNING * * *
You feel very sick. The adder bites you.
* * * LOW HITPOINT WARNING * * *
You are more poisoned.
The adder poisons you!
HP[-4]
You take 4 damage, and now have 9/32 hp.
You closely miss the adder.
* * * LOW HITPOINT WARNING * * *
You feel very sick. The adder bites you but does no damage.
HP[-3]
You take 3 damage, and now have 6/32 hp.
You hit the adder.
You kill the adder!
The Council accepts your kill.
* * * LOW HITPOINT WARNING * * *
You feel very sick.
Your Short Blades skill increases to level 7!
HP[-3]
You take 3 damage, and now have 3/32 hp.
It was a potion of flight.
You feel very buoyant.
You fly up into the air.
* * * LOW HITPOINT WARNING * * *
You feel sick.
HP[-2]
You take 2 damage, and now have 1/32 hp.
It was a potion of degeneration.
There was something very wrong with that liquid.
You feel weakened.
You feel dopey.
You feel clumsy.
You die...

Skill      XL: |  1  2  3  4  5 |
---------------+----------------+-----
Short Blades   | 3 4 5 6 7 |  7.0
Fighting       | |  3.2
Armour         | |  2.4
Shields        | |  2.4

Action                   |  1- 3 |  4- 6 || total
-------------------------+-------+-------++-------
Melee: Rapier            |    98 |    53 ||   151
Invok: Lunge             |     1 |     6 ||     7
  Use: Potion            |       |     2 ||     2
 Stab: Sleeping          |     1 |     2 ||     3
Armor: Scale mail        |    32 |    10 ||    42
Dodge: Dodged            |    72 |    24 ||    96
Block: Buckler           |    22 |     8 ||    30

Levels and vault maps discovered:
D:1:      lemuel_arrival_funnel, layout_rooms,
          shapermc_ecumenical_altar_acropolis
D:2:      layout_loops_cross, basic_altar, nicolae_underground_beach
D:3:      layout_basic, makhleb_altar_promises_db, item_on_display_a, uniq_ijyb
D:4:      layout_rooms, lightli_sewer_entry_pipes,
          gammafunk_ghost_abyssal_escape

Notes
Turn   | Place    | Note
-------+----------+-------------------------------------------
     0 | D:1      | zeratav the Kobold Fighter began the quest for the Orb.
     0 | D:1      | Reached XP level 1. HP: 14/14 MP: 1/1
     0 | D:1      | magus.rc [v1.9.6]
    93 | D:1      | Reached skill level 3 in Short Blades
   221 | D:1      | Reached XP level 2. HP: 7/19 MP: 2/2
   587 | D:1      | Reached skill level 4 in Short Blades
   832 | D:1      | Found a faded altar of an unknown god.
   940 | D:2      | Reached XP level 3. HP: 23/23 MP: 3/3
  1165 | D:2      | Found an ornate altar of the Wu Jian Council.
  1179 | D:2      | Became a worshipper of the Wu Jian Council
  1269 | D:2      | Reached skill level 5 in Short Blades
  1762 | D:3      | Reached XP level 4. HP: 27/28 MP: 4/4
  1796 | D:3      | Reached skill level 6 in Short Blades
  2111 | D:3      | Noticed Ijyb
  2125 | D:3      | Killed Ijyb
  2126 | D:3      | Reached XP level 5. HP: 15/32 MP: 5/5
  2886 | D:3      | Found a burning altar of Makhleb.
  3008 | D:4      | HP: 6/32 [poisoned by an adder]
  3010 | D:4      | Reached skill level 7 in Short Blades
  3010 | D:4      | HP: 1/32 [poisoned by an adder]
  3011 | D:4      | Succumbed to an adder's poison

Vanquished Creatures
  A jelly (D:3)
  Ijyb (D:3)
  5 adders
  A worm (D:3)
  4 endoplasms
  2 giant cockroaches
  4 goblins
  4 hobgoblins (D:1)
  3 kobolds
  A quokka (D:2)
  4 ball pythons
  5 bats
  A frilled lizard (D:3)
  2 rats
38 creatures vanquished.

Table legend:
 A = Non-vault XP
 B = Vault XP
 C = Vault XP percentage of total XP
 D = Non-vault monster count
 E = Vault monster count
 F = Vault count percentage of total count
                 A         B        C        D         E       F
            +---------+---------+-------+---------+---------+-------
      Total |     164 |      36 |  18.0 |      37 |       1 |   2.6
            +---------+---------+-------+---------+---------+-------
        D:1 |      26 |       0 |   0.0 |      16 |       0 |   0.0
        D:2 |      42 |       0 |   0.0 |      11 |       0 |   0.0
        D:3 |      68 |      36 |  34.6 |       7 |       1 |  12.5
        D:4 |      28 |       0 |   0.0 |       3 |       0 |   0.0
            +---------+---------+-------+---------+---------+-------

Illustrated notes

Table legend:
 A = Kills in this place as a percentage of kills in entire the game.
 B = Kills by you in this place as a percentage of kills by you in the entire game.
 C = Kills by friends in this place as a percentage of kills by friends in the entire game.
 D = Other kills in this place as a percentage of other kills in the entire game.
 E = Experience gained in this place as a percentage of experience gained in the entire game.
 F = Experience gained in this place divided by the number of levels of this place that you have seen.
                   A       B       C       D       E      F
               +-------+-------+-------+-------+-------+----------------------
         Total | 100.0 | 100.0 |   N/A |   N/A | 100.0 |  50.0
       Dungeon | 100.0 | 100.0 |   N/A |   N/A | 100.0 |  50.0
               +-------+-------+-------+-------+-------+----------------------

Table legend: (Time is in decaauts)
 A = Elapsed time spent in this place.
 B = Non-inter-level travel time spent in this place.
 C = Inter-level travel time spent in this place.
 D = Time resting spent in this place.
 E = Time spent auto-exploring this place.
 F = Levels seen in this place.
 G = Mean time per level.
                   A        B        C        D        E       F      G
               +--------+--------+--------+--------+--------+-----+--------+
         Total |   3013 |   2978 |     35 |    804 |   1857 |   4 |  753.2 |
       Dungeon |   3013 |   2978 |     35 |    804 |   1857 |   4 |  753.2 |
               +--------+--------+--------+--------+--------+-----+--------+

Top non-repeatable levels by time:
     D:3: 1232 daAuts
     D:1: 926 daAuts
     D:2: 817 daAuts
     D:4: 37 daAuts
